AoeStats
← ionescu_andrei

Arabian Desert

509581359Analyzed
1v1 RM · 5d ago on Sep 27, 2026· 38m 45s· 2 players
Game mode
Random Map
Map size
Tiny (2 player)
Population
200
Speed
Normal
Resources
Standard
Victory
Conquest
Starting age
Dark Age
Ending age
Imperial Age
RankedLock teamsTeams togetherTeam positionsShared explorationLock speedFull tech treeHidden civsTurbo modeCheats
Victory
Defeat
🇨🇭 Saxons · Switzerland
589
+15
🇷🇴 Huns · Romania
566
-15
ionescu_andrei
11:39 Feudal Age
12:00 Horse Collar
12:08 Double-Bit Axe
19:18 Castle Age
22:06 Forging
22:18 Padded Archer Armor
23:58 Iron Casting
23:24 Gold Mining
23:36 Heavy Plow
23:48 Bow Saw
24:28 Scale Mail Armor
25:04 Scale Barding Armor
25:10 Fletching
25:36 Leather Archer Armor
25:37 Chain Mail Armor
25:26 Pikeman
26:07 Squires
25:52 Arson
26:56 Chain Barding Armor
26:47 Stone Mining
27:59 Gold Shaft Mining
32:02 Imperial Age
29:18 Elite Skirmisher
30:33 Bodkin Arrow
33:48 Blast Furnace
33:23 Plate Barding Armor
32:48 Bracer
32:20 Halberdier
EeeZee3
1:05 Loom
13:29 Feudal Age
15:34 Double-Bit Axe
15:33 Horse Collar
15:45 Gold Mining
16:36 Wheelbarrow
16:13 Town Watch
16:43 Fletching
18:05 Stone Mining
24:01 Castle Age
24:46 Forging
24:43 Scale Mail Armor
25:26 Scale Barding Armor
25:53 Bow Saw
26:36 Squires
25:57 Pikeman
28:26 Bloodlines
28:17 Husbandry
30:34 Heavy Plow
32:56 Ballistics
32:31 Murder Holes
33:25 Masonry
34:43 Bodkin Arrow
35:24 Iron Casting
36:33 Arson
36:34 Gambesons
38:23 Chain Barding Armor
38:19 Chain Mail Armor
38:04 Padded Archer Armor
Connection lost

Rejoining the realm…

Still unreachable

The connection could not be restored.

Session expired

The server has moved on; the page needs a fresh start.